 Dungeon Crawl Stone Soup version 0.30.1-11-g7821555f0a (webtiles) character file.

Game seed: 15859734093383656811

41 lonewolfV2 the Conjurer (level 3, -8/14 HPs)
             Began as a Felid Conjurer on Nov 2, 2023.
             Killed by divine providence
             ... invoked by an orc priest
              (12 damage)
             ... on level 3 of the Dungeon.
             The game lasted 00:06:25 (3244 turns).

lonewolfV2 the Conjurer (Felid Conjurer)            Turns: 3244, Time: 00:06:26

Health: -8/14      AC:  5    Str:  3    XL:     3   Next: 32%
Magic:  7/8        EV: 18    Int: 21    God:
Gold:   141        SH:  0    Dex: 14    Spells: 5/8 levels left
                                        Lives:  0   Deaths: 1

rFire   . . .        (weapon unavailable)
rCold   . . .        (shield unavailable)
rNeg    . . .        (body armour unavailable)
rPois   .            (helmet unavailable)
rElec   .            (cloak unavailable)
rCorr   .            (gloves unavailable)
SInv    +            (boots unavailable)
Will    .....        (no amulet)
Stlth   ++           d - +4 ring of protection
HPRegen 0.22/turn    (no ring)
MPRegen 0.11/turn

%: no passive effects
@: quick
A: very small, claws 1, fangs 3, see invisible, speed 1, shaggy fur 1, stealthy
paws, no weapons or thrown items, no armour, multi-lived
a: no special abilities


You were on level 3 of the Dungeon.
You visited 1 branch of the dungeon, and saw 3 of its levels.

You collected 141 gold pieces.

Inventory:

Jewellery
 d - a +4 ring of protection (left paw)
Wands
 g - a wand of roots (3)
Scrolls
 b - a scroll of identify
 e - 3 scrolls of teleportation
 k - a scroll of blinking
Potions
 a - a potion of magic
 c - a potion of mutation
 f - a potion of heal wounds
 h - a potion of attraction
 i - a potion of haste {unknown}
 j - a potion of resistance {unknown}


   Skills:
 + Level 3.7 Dodging
 - Level 2.6 Stealth
 * Level 3.2 Spellcasting
 * Level 4.2 Conjurations


You had 5 spell levels left.
You knew the following spells:

 Your Spells              Type           Power      Damage    Failure   Level
a - Magic Dart            Conj           84%        1d7       2%          1
b - Searing Ray           Conj           42%        2d6       3%          2

Your spell library contained the following spells:

 Spells                   Type           Power      Damage    Failure   Level
 Dazzling Flash           Conj/Hex       24%        N/A       16%         3
 Fulminant Prism          Conj/Hex       6%         3d6       47%         4
 Iskenderun's Mystic Bla  Conj/Tloc      12%        2d5       47%         4


Dungeon Overview and Level Annotations

Branches:
Dungeon (3/15)

Altars:
Ashenzari
Makhleb

Annotations:
D:3 1 transporter


Innate Abilities, Weirdness & Mutations

You have sharp claws.
You have razor-sharp teeth.
You have supernaturally acute eyesight. (SInv)
You cover ground quickly. (Speed+)
You are covered in fur. (AC +1)
Your paws help you pounce on unaware monsters.
You are incapable of wielding weapons or throwing items.
You cannot wear armour.
You gain extra lives every three experience levels.


Message History

Casting: Magic Dart (safe; 2% risk of failure)
Confirm with . or Enter, or press ? or * to list all spells.
Aiming: Magic Dart (safe; 2% risk of failure)
Press: ? - help, Shift-Dir - straight line, f - orc priest
Aim: an orc priest, wielding a +0 short sword and wearing a +0 chain mail (100% to hit)
The magic dart hits the orc priest but does no damage.
The orc priest invokes the aid of Beogh against you.
Pain shoots through your body!
Ouch! That really hurt!
You die...
You are now level 3!
You rejoin the land of the living...
Found a ring mail.
A hobgoblin comes into view.
The hobgoblin shouts!
Casting: Magic Dart (safe; 2% risk of failure)
Confirm with . or Enter, or press ? or * to list all spells.
Aiming: Magic Dart (safe; 2% risk of failure)
Press: ? - help, Shift-Dir - straight line, f - hobgoblin
Aim: a hobgoblin (100% to hit)
The magic dart hits the hobgoblin!
You kill the hobgoblin!
Casting: Magic Dart (safe; 2% risk of failure)
Confirm with . or Enter, or press ? or * to list all spells.
You can't see any susceptible monsters within range! (Use Z to cast anyway.)
Found a book of Scorching.
The orc priest invokes the aid of Beogh against you.
Beogh smites you!
Ouch! That really hurt!
* * * LOW HITPOINT WARNING * * *
Casting: Magic Dart (safe; 2% risk of failure)
Confirm with . or Enter, or press ? or * to list all spells.
Aiming: Magic Dart (safe; 2% risk of failure)
Press: ? - help, Shift-Dir - straight line, f - orc priest
Aim: an orc priest, wielding a +0 short sword and wearing a +0 chain mail (100% to hit)
The magic dart hits the orc priest but does no damage.
The orc priest mumbles some strange prayers to Beogh against you.
Beogh smites you!
Ouch! That really hurt!
You die...

#.~~.#.##.###.#######
##.≈≈................#
#.#8.≈≈.####..##.#####.#
..###≈≈......>.......#
#...#≈≈..###o.####.#†# .
...#≈≈..# #..#
#.#.....o.. .#####≈≈..#
#..# #.########.
≈≈≈≈≈≈≈≈..###..# #.#
≈≈≈≈≈≈≈≈....@..# #.#
..........###........
.[#####...# :...$.>.
#.#.# ######.# #.#.#
#.#.# ..#.. #####


You could see an orc priest.

Vanquished Creatures
  3 adders
  An endoplasm (D:2)
  4 giant cockroaches
  4 goblins
  8 hobgoblins
  9 jackals
  8 kobolds
  2 quokkas
  7 ball pythons
  5 bats
  2 frilled lizards (D:1)
  6 rats
59 creatures vanquished.

Notes
Turn   | Place    | Note
-------+----------+-------------------------------------------
     0 | D:1      | lonewolfV2 the Felid Conjurer began the quest for the Orb.
     0 | D:1      | Reached XP level 1. HP: 7/7 MP: 4/4
   643 | D:1      | Reached XP level 2. HP: 11/11 MP: 3/6
  1279 | D:1      | Found a faded altar of an unknown god.
  1887 | D:2      | Learned a level 2 spell: Searing Ray
  1888 | D:2      | Reached XP level 3. HP: 14/14 MP: 6/8
  2162 | D:2      | Reached skill level 4 in Conjurations
  2192 | D:2      | Found a burning altar of Makhleb.
  2421 | D:2      | Reached XP level 4. HP: 18/18 MP: 2/9
  2852 | D:3      | Found a broken altar of Ashenzari.
  3158 | D:3      | Found a transporter.
  3227 | D:3      | Killed from afar by an orc priest
  3228 | D:3      | Reached XP level 3. HP: -2/14 MP: 8/8
  3244 | D:3      | Killed from afar by an orc priest

Illustrated notes

Levels and vault maps discovered:
D:1:      elethiomel_arrival_maze, layout_basic,
          hellmonk_ecumenical_altar_run_dry, minmay_misc_feat_rugged
D:2:      layout_basic, basic_altar, kennysheep_cross_room
D:3:      layout_loops_ring, overflow_temple_1_default,
          gammafunk_ghost_gnarly_gnolls, minmay_quantized

Skill      XL: |  1  2  3 |
---------------+----------+-----
Dodging        | 3 |  3.7
Conjurations   | 4 |  4.2
Spellcasting   | 3 |  3.2
Stealth        | |  2.6

Action                     |  1- 3 |  4- 6 || total
---------------------------+-------+-------++-------
  Melee: Unarmed           |     8 |       ||     8
   Cast: Magic Dart        |    92 |    22 ||   114
    Use: Scroll            |     6 |     1 ||     7
         Potion            |       |     1 ||     1
 Armour: Skin              |     5 |     1 ||     6
  Dodge: Dodged            |    55 |     1 ||    56
